 Dungeon Crawl Stone Soup version 0.32-a0-933-ga8fa3634e4 (webtiles) character file.

Game seed: 2688007545203481658

571 LadyBoffin the Magician (level 7, -13/37 HPs)
             Began as a Deep Elf Conjurer on Apr 14, 2024.
             Mangled by a sleepcap (16 damage)
             ... on level 5 of the Dungeon.
             The game lasted 00:15:38 (5119 turns).

LadyBoffin the Magician (Deep Elf Conjurer)         Turns: 5119, Time: 00:15:39

Health: -13/37     AC:  4    Str:  4    XL:     7   Next: 11%
Magic:  13/19      EV:  2    Int: 25    God:
Gold:   214        SH:  0    Dex: 13    Spells: 16/20 levels left

rFire   . . .        (no weapon)
rCold   . . .        (no shield)
rNeg    . . .        a - +0 robe
rPois   .            g - +0 helmet
rElec   .            d - +0 cloak
rCorr   +            (no gloves)
SInv    .            (no boots)
Will    .....        (no amulet)
Stlth   ++           p - ring of resist corrosion
HPRegen 0.26/turn    (no ring)
MPRegen 0.16/turn

%: no passive effects
@: sleeping
A: no striking features
a: no special abilities


You were on level 5 of the Dungeon.
You visited 1 branch of the dungeon, and saw 5 of its levels.
You also visited: Sewer.

You collected 214 gold pieces.

Inventory:

Hand Weapons
 e - a +0 dagger
Armour
 a - a +0 robe (worn)
 d - a +0 cloak (worn)
 g - a +0 helmet (worn)
 o - an orb of mayhem
 s - the +0 leather armour of the Living God {rF++}
   (You found it on level 5 of the Dungeon)

   rF++:      It greatly protects you from fire.
Jewellery
 p - a ring of resist corrosion (left hand)
 q - a ring of flight
Scrolls
 h - a scroll of fog
 n - 2 scrolls of amnesia
 r - a scroll of fear
 u - a scroll of enchant armour {unknown}
 w - a scroll of summoning {unknown}
 x - a scroll of enchant weapon {unknown}
Potions
 b - 3 potions of magic
 c - a potion of ambrosia {unknown}
 f - 3 potions of might
 i - a potion of invisibility {unknown}
 j - a potion of lignification {unknown}
 k - a potion of cancellation {unknown}
 l - 2 potions of attraction {unknown}
 m - 2 potions of mutation {unknown}
 t - 2 potions of enlightenment {unknown}
 v - a potion of haste {unknown}


   Skills:
 + Level 0.5 Fighting
 + Level 3.3 Dodging
 + Level 3.2 Stealth
 + Level 7.2 Spellcasting
 + Level 7.0 Conjurations


You had 16 spell levels left.
You knew the following spells:

 Your Spells              Type           Power      Damage    Failure   Level
a - Magic Dart            Conj           100%       1d8       1%          1
b - Searing Ray           Conj           88%        2d7       1%          2
c - Sting                 Conj/Alch      100%       1d9       1%          1

Your spell library contained the following spells:

 Spells                   Type           Power      Damage    Failure   Level
 Apportation              Tloc           18%        N/A       7%          1
 Necrotise                Necr           36%        1d5       7%          1
 Summon Small Mammal      Summ           36%        N/A       7%          1
 Call Imp                 Summ           18%        N/A       10%         2
 Sublimation of Blood     Necr           9%         N/A       10%         2
 Fulminant Prism          Conj/Alch      13%        3d9       16%         4
 Iskenderun's Mystic Bla Conj/Tloc 26%            2d7        (+2d3     16%         4
 Summon Hydra             Summ           4%         N/A       100%        7


Dungeon Overview and Level Annotations

Branches:
Dungeon (5/15)              Sewer (visited)
 Temple: D:4-7

Altars:
Makhleb

Annotations:
D:5 Grinder


Message History

Aiming: Searing Ray (safe; 1% risk of failure)
Press: ? - help, Shift-Dir - straight line The searing ray misses the adder. (Press . to maintain the ray.)
The searing ray hits the adder!
You kill the adder!
The searing ray misses Grinder.
Casting: Searing Ray (safe; 1% risk of failure)
Confirm with . or Enter, or press ? or * to list all spells.
Restarting spell: Searing Ray (safe; 1% risk of failure)
Press: ? - help, Shift-Dir - straight line The searing ray hits Grinder.
Grinder is moderately wounded.
The searing ray hits the sleepcap!
The sleepcap is heavily damaged. (Press . to maintain the ray.) Grinder gestures at you.
You suddenly lose the ability to move!
Grinder hits you.
You writhe in agony.
The sleepcap releases spores at you. Grinder hits you!
You writhe in agony.
The sleepcap releases spores at you.
* * * LOW HITPOINT WARNING * * *
Grinder blinks!
The sleepcap barely misses you.
You can move again.
The sleepcap releases spores at you.
* * * LOW HITPOINT WARNING * * *
The sleepcap barely misses you.
Casting: Searing Ray (safe; 1% risk of failure)
Confirm with . or Enter, or press ? or * to list all spells.
Aiming: Sting (safe; 1% risk of failure)
Press: ? - help, Shift-Dir - straight line, f - sleepcap
Aim: a sleepcap (heavily damaged, 100% to hit)
The sting hits the sleepcap but does no damage.
The sleepcap is poisoned.
The sleepcap is heavily damaged.
The sleepcap releases spores at you.
* * * LOW HITPOINT WARNING * * *
You are engulfed in a cloud of soporific spores!
You fall asleep.
The sleepcap releases spores at you!
You die...

#(.÷......###.
# #...~~~...#
#. #..~~~~~..#
. #..~~.~~..#
#..~~~5~..#
#...~~~§..# .#
#.........#
#.f#
#...)f§§§§#§S5#
###.@.§§..§§#
###########


You could see Grinder and a sleepcap (poisoned).

Vanquished Creatures
  Pargi (Sewer)
  A brain worm (Sewer)
  A bombardier beetle (D:3)
  2 hounds (D:4)
  An orc priest (D:4)
  3 sleepcaps (D:4)
  2 orc wizards
  5 adders
  A white imp (D:5)
  2 ufetubi (D:4)
  A dart slug (D:5)
  A ribbon worm (D:2)
  10 orcs
  16 ball pythons
  2 endoplasms (D:3)
  6 giant cockroaches
  12 goblins
  7 hobgoblins
  3 jackals (D:4)
  3 quokkas
  A bat (D:1)
  8 frilled lizards
  7 kobolds
  2 rats
98 creatures vanquished.

Notes
Turn   | Place    | Note
-------+----------+-------------------------------------------
     0 | D:1      | LadyBoffin the Deep Elf Conjurer began the quest for the
                  | Orb.
     0 | D:1      | Reached XP level 1. HP: 10/10 MP: 6/6
   388 | D:1      | Reached XP level 2. HP: 15/15 MP: 5/8
   661 | D:1      | Reached skill level 5 in Conjurations
  1267 | D:2      | Reached XP level 3. HP: 19/19 MP: 5/9
  1320 | D:2      | Learned a level 2 spell: Searing Ray
  2198 | D:3      | Reached XP level 4. HP: 24/24 MP: 3/11
  2585 | D:3      | Reached XP level 5. HP: 28/28 MP: 10/13
  2653 | D:3      | Learned a level 1 spell: Sting
  2685 | D:3      | Found a burning altar of Makhleb.
  3247 | D:4      | Reached skill level 5 in Spellcasting
  3512 | D:4      | Reached XP level 6. HP: 5/32 MP: 3/16
  4459 | D:5      | Entered Level 5 of the Dungeon
  4625 | D:5      | Identified the +0 leather armour of the Living God {rF++}
  4710 | D:5      | Found a glowing drain.
  4736 | Sewer    | Entered a sewer
  4883 | Sewer    | Noticed Pargi
  4889 | Sewer    | Killed Pargi
  4890 | Sewer    | Reached XP level 7. HP: 36/37 MP: 10/19
  5101 | D:5      | Noticed Grinder
  5111 | D:5      | Paralysed by Grinder for 5 turns
  5119 | D:5      | Mangled by a sleepcap

Illustrated notes

Levels and vault maps discovered:
D:1:      nzn_arrival_crosshair, layout_loops_corners
D:2:      minmay_alternating_diamond, layout_rooms
D:3:      layout_loops_ring, bloody_makhleb, lemuel_flame_loot_1
D:4:      layout_basic
D:5:      layout_rooms, hellmonk_ghost_happy_afterlife, portal_sewer_entry_a,
          kennysheep_opposing_triangles, uniq_grinder

Skill      XL: |  1  2  3  4  5  6 |
---------------+-------------------+-----
Conjurations   | 5 6 7 |  7.0
Spellcasting   | 4 5 7 |  7.2
Dodging        | 3 |  3.3
Stealth        | 3 |  3.2
Fighting       | |  0.5

Action                     |  1- 3 |  4- 6 |  7- 9 || total
---------------------------+-------+-------+-------++-------
  Melee: Dagger            |       |     2 |       ||     2
   Cast: Magic Dart        |    91 |   114 |     6 ||   211
         Searing Ray       |     1 |    12 |     2 ||    15
         Sting             |       |     6 |     1 ||     7
    Use: Scroll            |     1 |     3 |     2 ||     6
 Armour: Robe              |    14 |    29 |     7 ||    50
  Dodge: Dodged            |    13 |    24 |     2 ||    39

Table legend: (Time is in decaauts)
 A = Elapsed time spent in this place.
 B = Non-inter-level travel time spent in this place.
 C = Inter-level travel time spent in this place.
 D = Time resting spent in this place.
 E = Time spent auto-exploring this place.
 F = Levels seen in this place.
 G = Mean time per level.
                   A        B        C        D        E       F      G
               +--------+--------+--------+--------+--------+-----+--------+
         Total |   5153 |   4850 |    303 |    993 |   3264 |   6 |  858.8 |
       Dungeon |   4757 |   4454 |    303 |    909 |   3032 |   5 |  951.4 |
         Sewer |    395 |    395 |      0 |     84 |    231 |   1 |  395.0 |
               +--------+--------+--------+--------+--------+-----+--------+

Top non-repeatable levels by time:
     D:4: 1339 daAuts
     D:3: 1295 daAuts
     D:1: 1114 daAuts
     D:2: 707 daAuts
   Sewer: 395 daAuts
     D:5: 300 daAuts
